 Dungeon Crawl Stone Soup version 0.20.0-7-g3b7b877 (webtiles) character file.

262 GordonOverkill the Skirmisher (level 6, -4/66 HPs)
             Began as an Ogre Hunter on May 29, 2017.
             Slain by a hound (5 damage)
             ... on level 4 of the Dungeon.
             The game lasted 00:07:31 (3494 turns).

GordonOverkill the Skirmisher (Ogre Hunter)         Turns: 3494, Time: 00:07:31

Health: -4/66      AC:  4    Str: 18    XL:     6   Next: 18%
Magic:  6/6        EV: 16    Int: 12    God:
Gold:   115        SH:  0    Dex: 15    Spells: 5/5 levels left

rFire    + + .     SeeInvis .   K - +0 halberd
rCold    . . .     Gourm    .   (shield currently unavailable)
rNeg     . . .     Faith    .   b - +0 robe
rPois    .         Spirit   .   (helmet restricted)
rElec    .         Reflect  .   J - +0 cloak
rCorr    .         Harm     .   (gloves unavailable)
MR       .....                  (boots unavailable)
Stlth    +++.......             (no amulet)
Regen    0.3/turn               F - ring of protection from fire
MPRegen  0.1/turn               v - ring of protection from fire

@: agile, hasted, very quick
A: unfitting armour, tough skin 1
a: no special abilities


You were on level 4 of the Dungeon.
You were hungry.

You visited 1 branch of the dungeon, and saw 4 of its levels.

You collected 115 gold pieces.

Inventory:

Hand Weapons
 a - a +0 short sword
 A - a +0 flail
 K - a +0 halberd (weapon)
Missiles
 d - 2 throwing nets (quivered)
 j - 126 stones
Armour
 b - a +0 robe (worn)
 H - a +0 shield
 J - a +0 cloak (worn)
Jewellery
 u - an uncursed ring of positive energy
 v - a ring of protection from fire (right hand)
 D - an uncursed ring of magical power
 F - a ring of protection from fire (left hand)
Scrolls
 e - a scroll of remove curse {unknown}
 h - 2 scrolls of immolation {unknown}
 k - 5 scrolls of identify {unknown}
 n - a scroll of teleportation {unknown}
 p - a scroll of fog {unknown}
 q - a scroll of noise {unknown}
 y - a scroll of blinking {unknown}
 B - a scroll of recharging {unknown}
 C - 2 scrolls of random uselessness {unknown}
 G - a scroll of enchant weapon {unknown}
 I - a scroll of enchant armour {unknown}
Potions
 g - a potion of agility
 i - a potion of resistance {unknown}
 l - a potion of cancellation {unknown}
 o - 3 potions of haste
 r - 4 potions of curing {unknown}
 s - 3 potions of flight {unknown}
 t - a potion of ambrosia {unknown}
 w - a potion of heal wounds {unknown}
 x - a potion of magic {unknown}
 z - 4 potions of brilliance {unknown}
Comestibles
 f - 4 bread rations
 m - 2 royal jellies
 E - 2 meat rations


   Skills:
 + Level 5.2 Fighting
 * Level 1.9 Polearms
 + Level 5.1 Throwing
 + Level 3.2 Dodging
 - Level 0.6 Stealth


You had 5 spell levels left.
You didn't know any spells.

Dungeon Overview and Level Annotations

Branches:
Dungeon (4/15)
 Temple: D:4-7

Altars:
Fedhas
Makhleb
Nemelex Xobeh


Innate Abilities, Weirdness & Mutations

You are too large for most types of armour.
You have tough skin. (AC +1)


Message History

You are feeling hungry.
You slash the hound!
The hound is heavily wounded.
The hound bites you.
* * * LOW HITPOINT WARNING * * *
You barely miss the hound.
The hound is heavily wounded.
The hound barely misses you.
You slash the hound!
The hound is almost dead.
The hound bites you but does no damage. The hound misses you.
You closely miss the hound.
The hound is almost dead.
The hound closely misses you.
You closely miss the hound.
The hound is almost dead.
The hound bites you.
* * * LOW HITPOINT WARNING * * *
The hound bites you.
You die...

.. #### ..######...
..........
.........#
.........##
..........#
..........######
............%..###
.........(.....h@#
............#####..#
..........### ##..#
..........# ##
..........#
..........#
......>...#
..........#
..........#


You could see a hound.

Vanquished Creatures
  A phantom (D:4)
  A hound (D:4)
  Jessica (D:3)
  A hound skeleton (D:4)
  3 adders
  3 oozes
  A worm (D:2)
  2 dart slugs
  2 leopard geckos
  7 orcs
  A ball python (D:2)
  4 bats
  2 giant cockroaches
  6 goblins
  4 hobgoblins
  A quokka (D:2)
  A frilled lizard (D:2)
  A jackal skeleton (D:4)
  4 kobolds
  13 rats
59 creatures vanquished.

Notes
Turn   | Place    | Note
-------+----------+-------------------------------------------
     0 | D:1      | GordonOverkill the Ogre Hunter began the quest for the Orb.
     0 | D:1      | Reached XP level 1. HP: 22/22 MP: 1/1
   293 | D:1      | Reached XP level 2. HP: 26/31 MP: 2/2
   630 | D:1      | Reached XP level 3. HP: 35/37 MP: 3/3
  1944 | D:3      | Reached XP level 4. HP: 44/48 MP: 4/4
  1966 | D:3      | Found a burning altar of Makhleb.
  2768 | D:3      | Found a sparkling altar of Nemelex Xobeh.
  2768 | D:3      | Noticed Jessica
  2769 | D:3      | Killed Jessica
  2769 | D:3      | Reached XP level 5. HP: 55/55 MP: 5/5
  2857 | D:3      | Found a blossoming altar of Fedhas.
  3323 | D:4      | Noticed a phantom
  3418 | D:4      | Killed a phantom
  3418 | D:4      | Reached skill level 5 in Fighting
  3418 | D:4      | Reached skill level 1 in Polearms
  3418 | D:4      | Reached skill level 5 in Throwing
  3418 | D:4      | Reached XP level 6. HP: 23/66 MP: 6/6
  3494 | D:4      | HP: 1/66 [hound (4)]
  3494 | D:4      | Slain by a hound

Skill      XL: |  1  2  3  4  5 |
---------------+----------------+-----
Fighting       | 3 4 5 |  5.2
Dodging        | 2 3 |  3.2
Polearms       | 1 |  1.9
Throwing       | 5 |  5.1
Stealth        | |  0.6

Action                   |  1- 3 |  4- 6 || total
-------------------------+-------+-------++-------
Melee: Short sword       |   148 |    98 ||   246
       Halberd           |       |    22 ||    22
       Flail             |       |     1 ||     1
Throw: Large rock        |     5 |    25 ||    30
       Throwing net      |       |     2 ||     2
  Use: Potion            |       |     2 ||     2
 Stab: Sleeping          |     2 |       ||     2
       Distracted        |     1 |       ||     1
  Eat: Chunk             |     3 |     5 ||     8
Armor: Robe              |    53 |    34 ||    87
Dodge: Dodged            |    92 |    81 ||   173
